 Dungeon Crawl Stone Soup version 0.25-a0-294-gea9b1ad378 (webtiles) character file.

Game seed: 15516359931350072610, levelgen mode: deterministic

85 MisterFreud the Skirmisher (level 4, -1/22 HPs)
             Began as a Felid Wanderer on Dec 16, 2019.
             Slain by a scorpion zombie (4 damage)
             ... in an ossuary.
             The game lasted 00:14:02 (5078 turns).

MisterFreud the Skirmisher (Felid Wanderer)         Turns: 5078, Time: 00:14:03

Health: -1/22      AC:  1    Str:  6    XL:     4   Next: 25%
Magic:  9/11       EV: 16    Int: 25    God:
Gold:   135        SH:  0    Dex: 17    Spells: 0/11 levels left
                                        Lives:  0   Deaths: 1

rFire    . . .     SeeInvis +   (weapon unavailable)
rCold    . . .     Gourm    .   (shield unavailable)
rNeg     . . .     Faith    .   (armour unavailable)
rPois    .         Spirit   .   (helmet unavailable)
rElec    .         Reflect  .   (cloak unavailable)
rCorr    +         Harm     .   (gloves unavailable)
MR       .....                  (boots unavailable)
Stlth    +++.......             (no amulet)
HPRegen  0.07/turn              b - +4 ring of intelligence
MPRegen  0.12/turn              s - ring of Ollolou {rCorr Int+6}

@: very slightly contaminated, quick
A: very small, no armour, no weapons or thrown items, stealth, claws 1, fangs 3,
see invisible, carnivore, speed 1, shaggy fur 1, slow metabolism 1, sharp paws
a: no special abilities


You were in an ossuary.
You were not hungry.

You visited 1 branch of the dungeon, and saw 5 of its levels.
You also visited: Sewer and Ossuary.

You collected 135 gold pieces.

Inventory:

Jewellery
 b - a +4 ring of intelligence (left paw)
 f - an uncursed ring of fire
 s - the ring of Ollolou (right paw) {rCorr Int+6}
   (You found it on level 6 of the Dungeon)

   [ring of resist corrosion]

   It affects your intelligence (+6).
   It provides partial protection from all sources of acid and corrosion.
Wands
 r - a wand of flame (18)
Scrolls
 k - a scroll of amnesia {unknown}
 l - 3 scrolls of teleportation {unknown}
 m - 2 scrolls of fog
Potions
 a - a potion of cancellation
 c - 2 potions of ambrosia
 e - a potion of agility {unknown}
 i - a potion of mutation {unknown}
 j - a potion of heal wounds {unknown}
 n - 2 potions of flight
 o - a potion of invisibility {unknown}
 p - a potion of resistance {unknown}
 q - 2 potions of degeneration {unknown}
Comestibles
 d - 2 rations


   Skills:
 - Level 4.1 Fighting
 + Level 1.2 Dodging
 - Level 2.6 Stealth
 + Level 0.8 Unarmed Combat
 - Level 4.0 Spellcasting
   Level 1.5 Hexes
 - Level 2.0 Summonings
   Level 1.0 Necromancy
   Level 2.1 Transmutations


You couldn't memorise any spells.
You knew the following spells:

 Your Spells              Type           Power        Failure   Level  Hunger
a - Magic Dart            Conj           #...         9%          1    None
b - Blink                 Tloc           N/A          14%         2    None
c - Call Imp              Summ           ###.....     6%          2    None
d - Conjure Flame         Conj/Fire      #.......     26%         3    ##.....
e - Mephitic Cloud        Conj/Pois/Air  #.......     26%         3    ##.....

Your spell library contained the following spells:

 Spells                   Type           Power        Failure   Level  Hunger
 Slow                     Hex            ##......     8%          2    None
 Apportation              Tloc           #.....       9%          1    None
 Recall                   Summ/Tloc      N/A          19%         3    ##.....


Dungeon Overview and Level Annotations

Branches:
Dungeon (6/15)             Temple (0/1) D:5           Sewer (visited)
Ossuary (1/1)

Altars:


Innate Abilities, Weirdness & Mutations

You cannot wear armour.
You are incapable of wielding weapons or throwing items.
Your paws allow you to move quietly. (Stealth)
You have sharp claws.
You have razor-sharp teeth.
You have supernaturally acute eyesight. (SInv)
You are carnivorous and can eat meat at any time.
You cover ground quickly.
You are covered in fur. (AC +1)
You have a slow metabolism.
Your sharp claws are effective at attacking unaware monsters.


Message History

Aiming: Magic Dart (safe; 9% risk of failure)
Press: ? - help, Shift-Dir - straight line, f/p - scorpion zombie
Aim: a scorpion zombie (lightly damaged)
The magic dart hits the scorpion zombie.
The scorpion zombie is lightly damaged.
The scorpion zombie misses you. The scorpion zombie hits you!
Casting: Magic Dart (safe; 9% risk of failure)
Confirm with . or Enter, or press ? or * to list all spells.
Aiming: Magic Dart (safe; 9% risk of failure)
Press: ? - help, Shift-Dir - straight line, f/p - scorpion zombie
Aim: a scorpion zombie (lightly damaged)
The magic dart hits the scorpion zombie but does no damage.
The scorpion zombie is lightly damaged.
The scorpion zombie hits you.
* * * LOW HITPOINT WARNING * * *
The scorpion zombie closely misses you.
You scratch the scorpion zombie.
The scorpion zombie is severely damaged.
The scorpion zombie barely misses you. The scorpion zombie hits you.
You die...

#############
#...#...#...#
#.∩.'...8...#
#...#.5.Z...#
##'###8@..8##
#...#.Z.....#
#.∩.#.†.8...+
#...#...#...#
#############


You could see 2 scorpion zombies and a friendly iron imp.

Vanquished Creatures
  Jessica (D:2)
  A worker ant (D:6)
  An ooze (Sewer)
  A worm (Sewer)
  A dart slug (D:1)
  A leopard gecko (D:2)
  3 giant cockroaches
  3 goblins (D:2)
  4 hobgoblins
  7 jackals
  2 ball pythons
  12 bats
  5 frilled lizards (D:1)
  3 kobolds
  6 rats
51 creatures vanquished.

Vanquished Creatures (collateral kills)
  A jelly (D:5)
  A centaur skeleton (D:6)
  4 adders
  2 oozes (Sewer)
  4 worms
  5 leopard geckos
  A bat (D:2)
  A giant cockroach (D:6)
  A hobgoblin (D:2)
  3 jackals (Sewer)
  A kobold (D:2)
  2 quokkas (D:2)
  2 frilled lizards (Sewer)
  A rat (D:2)
29 creatures vanquished.

Grand Total: 80 creatures vanquished

Notes
Turn   | Place    | Note
-------+----------+-------------------------------------------
     0 | D:1      | MisterFreud the Felid Wanderer began the quest for the Orb.
     0 | D:1      | MisterFreud set off with the following items: a potion of
                  | lignification, a ration; and the following spells available
                  | to memorise: Slow, Apportation, Magic Dart, Blink, Call
                  | Imp, Conjure Flame, Mephitic Cloud, Recall
     0 | D:1      | Reached XP level 1. HP: 7/7 MP: 6/6
     2 | D:1      | Learned a level 1 spell: Magic Dart
    99 | D:1      | Reached skill level 1 in Fighting
   539 | D:1      | Reached XP level 2. HP: 13/13 MP: 8/8
  1198 | D:1      | Learned a level 2 spell: Blink
  1201 | D:1      | Learned a level 2 spell: Call Imp
  1968 | D:1      | Reached XP level 3. HP: 16/16 MP: 7/9
  2244 | D:2      | Reached skill level 1 in Summonings
  2514 | D:2      | Noticed Jessica
  2542 | D:2      | Killed Jessica
  2846 | D:2      | Learned a level 3 spell: Conjure Flame
  2915 | D:2      | Reached XP level 4. HP: 12/21 MP: 6/11
  3410 | D:3      | You fall into a shaft and drop 3 floors!
  3410 | D:6      | Found a glowing drain.
  3427 | D:6      | HP: 1/21 [leopard gecko (3)]
  3471 | D:6      | HP: 1/21 [giant cockroach (2)]
  3721 | Sewer    | Entered a sewer
  4388 | D:5      | Entered Level 5 of the Dungeon
  4388 | D:5      | Noticed a water moccasin
  4411 | D:6      | Got a sparkling jade ring
  4413 | D:6      | Identified the ring of Ollolou {rCorr Int+6} (You found it
                  | on level 6 of the Dungeon)
  4418 | D:6      | Learned a level 3 spell: Mephitic Cloud
  4442 | D:6      | Reached XP level 5. HP: 25/25 MP: 6/12
  4776 | D:5      | Reached skill level 1 in Dodging
  4798 | D:5      | Found a sand-covered staircase.
  4807 | Ossuary  | Entered an ossuary
  5068 | Ossuary  | Slain by a scorpion zombie
  5069 | Ossuary  | Reached XP level 4. HP: -1/22 MP: 10/11
  5078 | Ossuary  | Slain by a scorpion zombie

Levels and vault maps discovered:
D:1:      dpeg_arrival_solitude, layout_loops_corners
D:2:      layout_basic, uniq_jessica
D:3:      layout_loops_cross, first_ration,
          nicolae_gozag_cash_rules_everything_around_me
D:5:      layout_loops_corners, minmay_temple_entry_stoned_glass,
          nicolae_ossuary_entry_monument, gammafunk_ghost_nasty_kobolds,
          grunt_ministairs_1, minmay_lizard_king, uniq_ijyb, uniq_duvessa
D:6:      layout_loops_ring, grunt_temple_overflow_opulence,
          portal_sewer_entry_f
Ossuary:  ossuary_minmay_scorpions

Skill      XL: |  1  2  3  4  5 |
---------------+----------------+-----
Fighting       | 1 2 3 4 |  4.1
Summonings     | 1 2 |  2.0
Dodging        | 1 |  1.2
Stealth        | |  2.6
Unarmed Combat | |  0.8
Spellcasting   | |  4.0
Hexes          | |  1.5
Necromancy     | |  1.0
Transmutations | |  2.1

Action                   |  1- 3 |  4- 6 || total
-------------------------+-------+-------++-------
Melee: Unarmed           |    74 |    84 ||   158
       Bite              |     7 |     7 ||    14
 Cast: Magic Dart        |    38 |    16 ||    54
       Call Imp          |    11 |    30 ||    41
  Use: Potion            |     1 |     1 ||     2
       Scroll            |     3 |     3 ||     6
 Stab: Sleeping          |    11 |     1 ||    12
  Eat: Chunk             |    11 |     5 ||    16
Armor: Skin              |     7 |    11 ||    18
Dodge: Dodged            |    59 |    85 ||   144

Table legend:
 A = Non-vault XP
 B = Vault XP
 C = Vault XP percentage of total XP
 D = Non-vault monster count
 E = Vault monster count
 F = Vault count percentage of total count
                 A         B        C        D         E       F
            +---------+---------+-------+---------+---------+-------
      Total |     161 |      82 |  33.7 |      53 |      27 |  33.8
            +---------+---------+-------+---------+---------+-------
        D:1 |      42 |       0 |   0.0 |      28 |       0 |   0.0
        D:2 |      53 |      23 |  30.3 |      21 |       1 |   4.5
        D:3 |       2 |       0 |   0.0 |       1 |       0 |   0.0
        D:5 |      23 |       0 |   0.0 |       1 |       0 |   0.0
        D:6 |      41 |       7 |  14.6 |       2 |       4 |  66.7
      Sewer |       0 |      52 | 100.0 |       0 |      22 | 100.0
            +---------+---------+-------+---------+---------+-------
